 Dungeon Crawl Stone Soup version 0.23.0-3-gf3c87f2 (webtiles) character file.

Game seed: 228027138724553560

35 Borgoz the Sneak (level 3, 0/28 HPs)
             Began as a Ghoul Enchanter on Feb 25, 2019.
             Slain by a dart slug (3 damage)
             ... on level 2 of the Dungeon.
             The game lasted 00:04:58 (1432 turns).

Borgoz the Sneak (Ghoul Enchanter)                  Turns: 1432, Time: 00:04:59

Health: 0/28       AC:  2    Str: 11    XL:     3   Next: 35%
Magic:  2/5        EV: 12    Int: 10    God:
Gold:   55         SH:  0    Dex: 10    Spells: 3/6 levels left

rFire    . . .     SeeInvis .   a - +1 dagger
rCold    + . .     Gourm    .   (no shield)
rNeg     + + +     Faith    .   b - +0 robe
rPois    ∞         Spirit   .   (no helmet)
rElec    .         Reflect  .   (no cloak)
rCorr    .         Harm     .   (no gloves)
MR       .....                  (no boots)
Stlth    ++........             (no amulet)
HPRegen  0.00/turn              (no ring)
MPRegen  0.09/turn              (no ring)

@: rotting
A: rotting body, claws 1, carnivore, cold resistance 1, negative energy
resistance 3, inhibited regeneration, torment resistance, unbreathing
a: no special abilities


You were on level 2 of the Dungeon.
You were not hungry.

You visited 1 branch of the dungeon, and saw 2 of its levels.

You collected 55 gold pieces.

Inventory:

Hand Weapons
 a - a +1 dagger (weapon)
Armour
 b - a +0 robe (worn)
Scrolls
 e - a scroll of teleportation
 l - a scroll of amnesia {unknown}
 m - a scroll of enchant armour {unknown}
 n - a scroll of fear {unknown}
Potions
 c - a potion of ambrosia {unknown}
 f - a potion of resistance
 g - a potion of magic
Comestibles
 d - 2 rations


   Skills:
 + Level 1.0 Fighting
 + Level 1.2 Short Blades
 + Level 2.0 Dodging
 + Level 3.4 Stealth
 + Level 2.0 Spellcasting
 * Level 2.9 Hexes


You had 3 spell levels left.
You knew the following spells:

 Your Spells              Type           Power        Failure   Level  Hunger
a - Corona                Hex            #......      10%         1    ##.....
b - Ensorcelled Hibernat  Hex/Ice        #.....       26%         2    ###....

Your spell library contained the following spells:

 Spells                   Type           Power        Failure   Level  Hunger
 Confuse                  Hex            #.......     28%         3    ####...
 Tukima's Dance           Hex            #.......     28%         3    ####...
 Dazzling Spray           Conj/Hex       #.....       45%         3    ####...


Dungeon Overview and Level Annotations

Branches:
Dungeon (2/15)

Altars:
Zin


Innate Abilities, Weirdness & Mutations

Your body is rotting away.
You thrive on raw meat.
You are immune to poison.
You have sharp fingernails.
You are carnivorous and can eat meat at any time.
Your flesh is cold resistant. (rC+)
You are immune to negative energy. (rN+++)
You do not regenerate when monsters are visible.
You are immune to unholy pain and torment.
You can survive without breathing.


Message History

Confirm with . or Enter, or press ? or * to list all spells.
Aiming: Corona (safe; 10% risk of failure)
Press: ? - help, Shift-Dir - straight line, f/p - kobold
Aim: a kobold (moderately wounded, chance to defeat MR: 58%)
The kobold is outlined in light.
The kobold barely misses you.
You hit the kobold but do no damage.
The kobold is moderately wounded.
The kobold closely misses you.
You hit the kobold.
You kill the kobold!
Your Fighting skill increases to level 1!
The dart slug bites you but does no damage.
You see here 2 stones.
Casting: Corona (safe; 10% risk of failure)
Confirm with . or Enter, or press ? or * to list all spells.
Aiming: Corona (safe; 10% risk of failure)
Press: ? - help, Shift-Dir - straight line, f - dart slug
Aim: a dart slug (clinging, chance to defeat MR: 58%)
The dart slug is outlined in light.
The dart slug bites you.
You die...

................#
.............#...
..(..<.......... .......K.......$
...........# #..s....# ##.#
###...### # #.. #######(...######
.## ####.# #(..@w..........# ..#
#..#.####.#####.###.###.#
..###.........####..##...##.##
.......#^#..........#.....#..#
...###.#.#######....#.....#..#
....................#.....#..#
.#.###.#.#######..#.##...##..####
.#.# #.#<# ##.##.###.###=.w...
.#.###.#.# #..##.........####.


You could see a dart slug.

Vanquished Creatures
  A worm (D:1)
  A ball python (D:2)
  4 bats
  A giant cockroach (D:2)
  3 goblins (D:1)
  5 hobgoblins
  4 jackals (D:2)
  4 frilled lizards
  6 kobolds
29 creatures vanquished.

Notes
Turn   | Place    | Note
-------+----------+-------------------------------------------
     0 | D:1      | Borgoz the Ghoul Enchanter began the quest for the Orb.
     0 | D:1      | Reached XP level 1. HP: 14/14 MP: 2/2
    37 | D:1      | Reached skill level 1 in Short Blades
   175 | D:1      | Reached XP level 2. HP: 20/20 MP: 3/3
   231 | D:1      | Learned a level 2 spell: Ensorcelled Hibernation
  1082 | D:2      | Reached XP level 3. HP: 26/26 MP: 4/4
  1144 | D:2      | HP: 1/27 [jackal (3)]
  1291 | D:2      | Found a glowing silver altar of Zin.
  1430 | D:2      | Reached skill level 1 in Fighting
  1432 | D:2      | Slain by a dart slug

Skill      XL: |  1  2  3 |
---------------+----------+-----
Short Blades   | 1 |  1.2
Dodging        | 2 |  2.0
Spellcasting   | 2 |  2.0
Fighting       | 1 |  1.0
Stealth        | |  3.4
Hexes          | |  2.9

Action                   || total
-------------------------++-------
Melee: Dagger            ||   126
 Cast: Corona            ||    16
       Ensorcelled Hiber ||     3
  Use: Scroll            ||     6
       Potion            ||     1
 Stab: Sleeping          ||     4
  Eat: Chunk             ||    15
Armor: Robe              ||    18
Dodge: Dodged            ||    87
